 Dungeon Crawl Stone Soup version 0.27.0-1-g7a089689b8 (webtiles) character file.

Game seed: 18262728339546894525

145 emiel the Poker (level 5, -1/49 HPs)
             Began as a Naga Fighter on Aug 8, 2021.
             Killed from afar by an orc wizard (8 damage)
             ... with a magic dart
             ... on level 3 of the Dungeon.
             The game lasted 00:02:34 (3721 turns).

emiel the Poker (Naga Fighter)                      Turns: 3721, Time: 00:02:35

Health: -1/49      AC:  6    Str: 20    XL:     5   Next: 27%
Magic:  5/5        EV:  7    Int:  8    God:
Gold:   178        SH:  0    Dex: 10    Spells: 4/4 levels left

rFire    . . .     SeeInvis +   a - +0 trident
rCold    . . .     Faith    .   (no shield)
rNeg     . . .     Spirit   .   b - +0 scale mail
rPois    +         Reflect  .   (no helmet)
rElec    .         Harm     .   (no cloak)
rCorr    .         Rampage  .   p - +0 pair of gloves
Will     .....                  (no barding)
Stlth    ..........             (no amulet)
HPRegen  0.16/turn              (no ring)
MPRegen  0.09/turn              (no ring)

@: very slow
A: AC +1, large, see invisible, deformed body, poison resistance, slowness 2,
spit poison 1, naga tail 1
a: Spit Poison


You were on level 3 of the Dungeon.
You visited 1 branch of the dungeon, and saw 4 of its levels.

You collected 178 gold pieces.

Inventory:

Hand Weapons
 a - a +0 trident (weapon)
Armour
 b - a +0 scale mail (worn)
 p - a +0 pair of gloves (worn)
Jewellery
 h - a +6 ring of intelligence
Scrolls
 c - 2 scrolls of identify {unknown}
 e - a scroll of fog {unknown}
 f - a scroll of silence {unknown}
 g - a scroll of fear {unknown}
 i - 2 scrolls of blinking {unknown}
 j - a scroll of holy word {unknown}
 t - a scroll of amnesia {unknown}
Potions
 d - a potion of might
 k - a potion of haste {unknown}
 l - a potion of berserk rage {unknown}
 m - a potion of mutation {unknown}
 n - a potion of attraction {unknown}
 o - a potion of magic
 q - a potion of heal wounds {unknown}
 r - a potion of lignification {unknown}
 s - a potion of ambrosia {unknown}
 u - a potion of curing {unknown}


   Skills:
 - Level 3.0 Fighting
 * Level 5.3 Polearms
 - Level 2.4 Armour
 - Level 2.4 Shields


You had 4 spell levels left.
You didn't know any spells.
Your spell library contained the following spells:

 Spells                   Type           Power      Damage    Failure   Level
 Slow                     Hex            0%         N/A       88%         2
 Confusing Touch          Hex            0%         N/A       98%         3
 Yara's Violent Unravell  Hex/Tmut       0%         3d3       100%        5


Dungeon Overview and Level Annotations

Branches:
Dungeon (4/15)
 Temple: D:4-7

Altars:
Ashenzari
Makhleb


Innate Abilities, Weirdness & Mutations

Your serpentine skin is tough. (AC +1)
You have supernaturally acute eyesight. (SInv)
Armour fits poorly on your strangely shaped body.
Your system is resistant to poisons. (rPois)
You cover ground very slowly.
You can spit poison.
You have a snake-like lower body.


Message History

The orc wizard hits you with a +0 dagger.
The orc hits you with a +0 whip.
* * * LOW HITPOINT WARNING * * *
The orc wizard hits you with a +0 dagger.
* * * LOW HITPOINT WARNING * * *
The orc wizard hits you with a +0 dagger.
* * * LOW HITPOINT WARNING * * *
The orc wizard casts a spell.
The orc wizard flickers and vanishes for a moment.
The orc hits you with a +0 whip.
* * * LOW HITPOINT WARNING * * *
Unknown command.
Unknown command.
Okay, then.
It was a potion of magic.
Magic courses through your body.
You hit the orc wizard.
The orc wizard is moderately wounded.
Unknown command.
You barely miss the orc wizard.
The orc wizard is moderately wounded.
The orc wizard hits you but does no damage.
Unknown command.
Unknown command.
You puncture the orc wizard!
The orc wizard is severely wounded.
The orc wizard hits you with a +0 dagger.
* * * LOW HITPOINT WARNING * * *
Unknown command.
You barely miss the orc wizard.
The orc wizard is severely wounded.
The orc wizard hits you with a +0 dagger.
* * * LOW HITPOINT WARNING * * *
Unknown command.
Unknown command.
Unknown command.
You barely miss the orc wizard.
The orc wizard is severely wounded.
The orc wizard casts a spell at you. The magic dart hits you!
You die...

############# #...........#
#.#########.# ###.#......##.#
#...#.####(##.# #...#.#
#.##.########### ## #...#.#
#.##.#.........# .#
#...#.####.##@#.#######.# .#
#...#....#.##o#.# #.#
.###...####.#..oo..# #.#
.......###...###)#########.####
........|..).[..[>............#
.......###...###...........#.##
.#...#.# #...# ####......###.#
.#...#.# #...# #.....#.# #.#
.#...#.# #...# #..##.#.###.#


You could see an orc wizard (invisible) and 2 orcs.

Vanquished Creatures
  An orc wizard (D:3)
  3 adders
  An adder skeleton (D:3)
  3 worms
  A dart slug (D:1)
  12 orcs
  4 endoplasms
  3 giant cockroaches
  4 goblins
  5 hobgoblins
  2 quokkas
  6 ball pythons
  7 bats
  6 frilled lizards
  5 kobolds
  7 rats
70 creatures vanquished.

Vanquished Creatures (others)
  An adder skeleton (D:4)
1 creature vanquished.

Grand Total: 71 creatures vanquished

Notes
Turn   | Place    | Note
-------+----------+-------------------------------------------
     0 | D:1      | emiel the Naga Fighter began the quest for the Orb.
     0 | D:1      | Reached XP level 1. HP: 21/21 MP: 1/1
   495 | D:1      | Reached XP level 2. HP: 22/28 MP: 2/2
   653 | D:1      | Reached skill level 3 in Polearms
   677 | D:1      | Found a faded altar of an unknown god.
  1105 | D:2      | Reached XP level 3. HP: 34/34 MP: 3/3
  1762 | D:2      | Found a broken altar of Ashenzari.
  1802 | D:2      | Reached skill level 4 in Polearms
  1881 | D:2      | Found a burning altar of Makhleb.
  1954 | D:2      | Reached XP level 4. HP: 42/42 MP: 4/4
  2850 | D:3      | You fall into a shaft and drop 1 floor!
  2861 | D:4      | Reached skill level 5 in Polearms
  2863 | D:4      | Reached XP level 5. HP: 49/49 MP: 5/5
  3721 | D:3      | Killed from afar by an orc wizard

Illustrated notes

Levels and vault maps discovered:
D:1:      ncdulo_halloftheorcs, layout_loops_ring,
          chequers_ecumenical_altar_simple_redux
D:2:      layout_basic, basic_altar, minmay_hexomino_r4
D:3:      minmay_spotlight, layout_basic, chequers_avenue
D:4:      minmay_razor_zed, layout_basic, fiery_altar_vehumet,
          kennysheep_okawaru_gauntlet, minmay_misc_feat_diagonals

Skill      XL: |  1  2  3  4 |
---------------+-------------+-----
Polearms       | 3 4 5 |  5.3
Fighting       | |  3.0
Armour         | |  2.4
Shields        | |  2.4

Action                   |  1- 3 |  4- 6 || total
-------------------------+-------+-------++-------
Melee: Trident           |   125 |   121 ||   246
  Use: Potion            |       |     1 ||     1
Armor: Scale mail        |    51 |    55 ||   106
Dodge: Dodged            |    41 |    34 ||    75
